 Dungeon Crawl Stone Soup version 0.31-a0-507-gbafd7f5274 (webtiles) character file.

Game seed: 8574679229602078203

63 Gelion the Changeling (level 4, 0/64 HPs)
             Began as an Octopode Shapeshifter on Aug 9, 2023.
             Succumbed to a kobold's poison
             ... on level 2 of the Dungeon.
             The game lasted 00:02:04 (1148 turns).

Gelion the Changeling (Octopode Shapeshifter)       Turns: 1148, Time: 00:02:04

Health: 0/64       AC: 22    Str: 14    XL:     4   Next: 9%
Magic:  4/4        EV: -1    Int: 10    God:
Gold:   71         SH:  0    Dex: 14    Spells: 3/3 levels left

rFire   . .          .
                       - Unarmed
rCold   . . .        (no shield)
rNeg    . . .        (helmet currently unavailable)
rPois   +            (no amulet)
rElec   .            (no ring)
rCorr   .            (no ring)
SInv    .            (no ring)
Will    .....        (no ring) Stlth
                     (no ring)
HPRegen 0.30/turn    (no ring)
MPRegen 0.09/turn    (no ring)
                     (no ring)

%: no passive effects
@: berserking, lethally poisoned (0 -> -1), tree-form, constricted, very quick
A: stationary, stasis, torment immunity, boosted hp, almost no armour,
(amphibious), 8 rings, (camouflage 1), (gelatinous body 1), (nimble swimmer 1),
(tentacles)
a: no special abilities


You were on level 2 of the Dungeon.
You were a tree.
You visited 1 branch of the dungeon, and saw 2 of its levels.

You collected 71 gold pieces.

Inventory:

Jewellery
 k - an amulet of the acrobat
Talismans
 b - a beast talisman
 c - a flux talisman
Scrolls
 f - a scroll of torment {unknown}
 h - 2 scrolls of immolation {unknown}
 i - a scroll of enchant armour {unknown}
 j - a scroll of poison {unknown}
 l - 3 scrolls of blinking {unknown}
Potions
 e - a potion of curing {unknown}
 g - a potion of invisibility {unknown}
 m - a potion of resistance {unknown}


   Skills:
 + Level 2.0 Fighting
 - Level 2.0 Dodging
 + Level 3.5 Unarmed Combat
 * Level 3.7 Shapeshifting


You had 3 spell levels left.
You didn't know any spells.
Your spell library was empty.

Dungeon Overview and Level Annotations

Branches:
Dungeon (2/15)

Altars:
Kikubaaqudgha


Innate Abilities, Weirdness & Mutations

You are a tree.
Your roots penetrate the ground, keeping you stationary.
You cannot be teleported.
You are immune to unholy pain and torment.
Your maximum health is greatly increased.
You cannot wear most types of armour.
((You are amphibious.))
You can wear up to eight rings at the same time.
((Your skin changes colour to match your surroundings (Stealth+).))
((Your rubbery body absorbs attacks. (AC +1, EV +1)))
((You are camouflaged when in or above water. (Stealth+)))
((You have tentacles for arms and can constrict up to eight enemies at once.))


Message History

You tentacle-slap the adder.
The adder is moderately wounded.
You constrict the adder.
You feel sick. The adder bites you.
* * * LOW HITPOINT WARNING * * *
The frilled lizard barely misses you. The adder bites you.
* * * LOW HITPOINT WARNING * * *
You barely miss the adder.
The adder is heavily wounded.
You constrict the adder.
You feel sick. The ball python barely misses you.
The ball python closely misses you. The ball python barely misses you.
The ball python closely misses you. The frilled lizard closely misses you.
The adder bites you.
* * * LOW HITPOINT WARNING * * *
Your transformation has ended.
You turn into a tree.
Your roots penetrate the ground.
You lose your grip on the adder.
You feel sick. The ball python bites you.
* * * LOW HITPOINT WARNING * * *
The ball python grabs you. The ball python constricts you.
The ball python bites you.
* * * LOW HITPOINT WARNING * * *
The frilled lizard bites you but does no damage.
The adder bites you.
* * * LOW HITPOINT WARNING * * *
The ball python bites you but does no damage.
The ball python constricts you.
It was a potion of berserk rage.
A red film seems to cover your vision as you go berserk!
You feel yourself moving faster!
You feel mighty!
You feel sick. The ball python bites you.
* * * LOW HITPOINT WARNING * * *
The adder bites you but does no damage.
The frilled lizard bites you but does no damage.
The ball python bites you but does no damage.
The ball python constricts you.
The ball python bites you but does no damage.
Unknown command.
You are too berserk!
You smack the adder!
You kill the adder!
You die...

#####..#####...
#.........##...
#.........##...
#.........##...
#.........##...
#####.........#####
##...#.........###..
#####..............##...
#......♣S..#.#######....
#.####lS####.# #....
~~.r~ ### ##....
#~...... .......
#~..♣♣♣.~ ###[... +..♣
..+ ##... +.. ..+ #...
#~. ~# #.... #....


You could see a quokka, 2 ball pythons and a frilled lizard.

Vanquished Creatures
  4 adders (D:2)
  A worm (D:2)
  A ball python (D:2)
  2 endoplasms (D:2)
  A giant cockroach (D:1)
  4 goblins
  5 kobolds
  3 quokkas
  3 bats
  4 frilled lizards (D:1)
  7 rats
35 creatures vanquished.

Notes
Turn   | Place    | Note
-------+----------+-------------------------------------------
     0 | D:1      | Gelion the Octopode Shapeshifter began the quest for the
                  | Orb.
     0 | D:1      | Reached XP level 1. HP: 13/13 MP: 1/1
   329 | D:1      | Reached XP level 2. HP: 16/18 MP: 2/2
   723 | D:1      | Found an ancient bone altar of Kikubaaqudgha.
   795 | D:2      | Reached XP level 3. HP: 16/23 MP: 3/3
  1098 | D:2      | Reached XP level 4. HP: 29/29 MP: 4/4
  1146 | D:2      | HP: 2/43 [adder (1)]
  1148 | D:2      | Succumbed to a kobold's poison

Illustrated notes

Levels and vault maps discovered:
D:1:      dpeg_arrival_lava_altar, layout_loops_cross
D:2:      cheibrodos_fertilizer, layout_rooms, kennysheep_generic_room_7

Skill      XL: |  1  2  3  4 |
---------------+-------------+-----
Fighting       | 2 |  2.0
Dodging        | |  2.0
Unarmed Combat | |  3.5
Shapeshifting  | |  3.7

Action                     |  1- 3 |  4- 6 || total
---------------------------+-------+-------++-------
  Melee: Unarmed           |    56 |     9 ||    65
         Constrict         |    14 |     2 ||    16
         Tentacles         |     7 |     2 ||     9
         Punch             |     3 |       ||     3
    Use: Potion            |       |     2 ||     2
   Stab: Sleeping          |     8 |       ||     8
 Armour: Skin              |     3 |     6 ||     9
  Dodge: Dodged            |    26 |    11 ||    37

Table legend: (Time is in decaauts)
 A = Elapsed time spent in this place.
 B = Non-inter-level travel time spent in this place.
 C = Inter-level travel time spent in this place.
 D = Time resting spent in this place.
 E = Time spent auto-exploring this place.
 F = Levels seen in this place.
 G = Mean time per level.
                   A        B        C        D        E       F      G
               +--------+--------+--------+--------+--------+-----+--------+
         Total |   1144 |   1109 |     35 |      0 |    913 |   2 |  572.0 |
       Dungeon |   1144 |   1109 |     35 |      0 |    913 |   2 |  572.0 |
               +--------+--------+--------+--------+--------+-----+--------+

Top non-repeatable levels by time:
     D:1: 769 daAuts
     D:2: 374 daAuts
